 Dungeon Crawl Stone Soup version 0.31-a0-1183-gd88bbb8b4d (webtiles) character file.

Game seed: 1395430140924092330

345 qw the Shooter (level 6, -1/38 HPs)
             Began as a Gargoyle Hunter on Dec 11, 2023.
             Slain by a black bear (5 damage)
             ... on level 4 of the Dungeon.
             The game lasted 00:01:04 (2376 turns).

qw the Shooter (Gargoyle Hunter)                    Turns: 2376, Time: 00:01:04

Health: -1/38      AC: 12    Str: 14    XL:     6   Next: 58%
Magic:  6/6        EV: 12    Int: 10    God:
Gold:   79         SH:  0    Dex: 15    Spells: 5/5 levels left

rFire   + . .        a - +0 shortbow (heavy)
rCold   . . .        (shield currently unavailable)
rNeg    + . .        e - +2 robe of Awkiluh {rF+}
rPois   inf          (no helmet)
rElec   +            (no cloak)
rCorr   +            (no gloves)
SInv    .            (no boots)
Will    .....        (no amulet)
Stlth   ++           k - ring of the Raven {rPois rCorr AC+4}
HPRegen 0.26/turn    (no ring)
MPRegen 0.10/turn

%: no passive effects
@: mighty, about to teleport
A: sickness immunity, AC +4, negative energy resistance 1, electricity
resistance, torment resistance 1, petrification resistance
a: no special abilities


You were on level 4 of the Dungeon.
You visited 1 branch of the dungeon, and saw 4 of its levels.

You collected 79 gold pieces.


Innate Abilities, Weirdness & Mutations

You are immune to sickness and miasma.
Your stone body is resilient. (AC +4)
You are immune to poison.
You resist negative energy. (rN+)
You are resistant to electric shocks. (rElec)
You are resistant to unholy torment.
You are immune to petrification.


   Skills:
 - Level 4.3 Fighting
 + Level 6.8 Ranged Weapons
 - Level 1.5 Dodging
 - Level 1.1 Stealth


You had 5 spell levels left.
You didn't know any spells.
Your spell library was empty.

Inventory:

Hand Weapons
 a - a +0 heavy shortbow (weapon)
Armour
 c - a +1 leather armour
 e - the +2 robe of Awkiluh (worn) {rF+}
   (You found it on level 2 of the Dungeon)

   rF+:       It protects you from fire.
Jewellery
 k - the ring of the Raven (left hand) {rPois rCorr AC+4}
   (You found it on level 3 of the Dungeon)

   [ring of protection]

   AC+4:      It affects your AC (+4).
   rPois:     It protects you from poison rCorr: It protects you from acid and
   corrosion.
Scrolls
 b - a scroll of revelation {unknown}
Potions
 d - a potion of cancellation
 g - 2 potions of might
 h - 4 potions of curing

Dungeon Overview and Level Annotations

Branches:
Dungeon (4/15)
 Temple: D:4-7

Altars:
Elyvilon

Shops:
D:1 [

Annotations:
D:3 3 runed translucent doors, qw's ghost, amateur GrHu


Message History

The black bear claws you.
You shoot an arrow.
The arrow closely misses the black bear.
The black bear bites you but does no damage.
The black bear barely misses you. The black bear claws you.
The black bear bites you. The black bear barely misses you. x2
The black bear bites you. The black bear claws you. The black bear misses you.
You shoot an arrow. The arrow hits the black bear.
The black bear is almost dead.
The black bear bites you but does no damage.
The black bear completely misses you. The black bear closely misses you.
The black bear bites you! The black bear closely misses you.
The black bear claws you but does no damage.
You shoot an arrow. The arrow barely misses the black bear.
The black bear bites you but does no damage.
The black bear barely misses you.
The black bear claws you but does no damage.
The black bear bites you! The black bear completely misses you.
The black bear misses you.
2374 ||| READING scroll of teleportation.
As you read the scroll of teleportation, it crumbles to dust.
You feel strangely unstable. The black bear bites you.
The black bear misses you.
The black bear claws you but does no damage.
The black bear bites you but does no damage.
The black bear claws you but does no damage.
The black bear misses you.
2375 ||| DRINKING 3 sedimented orange potions.
It was a potion of might.
You feel very mighty all of a sudden.
The black bear bites you but does no damage.
The black bear claws you but does no damage.
The black bear closely misses you.
You shoot an arrow. The arrow barely misses the black bear.
The black bear bites you but does no damage.
The black bear closely misses you.
The black bear claws you but does no damage.
The black bear barely misses you. The black bear misses you.
The black bear claws you.
You die...

##############
............@....#
............#h...#
....######'##...#
#..##.....##...#
#..##......# ..#
......#.........## ..#
......#.........##...#
......#..............'
......#..##.....##...


You could see a black bear (berserk).

Vanquished Creatures
  2 scorpions
  A hound (D:3)
  An orc wizard (D:4)
  9 adders
  2 worms
  2 dart slugs
  6 orcs (D:4)
  4 endoplasms
  4 giant cockroaches (D:1)
  11 hobgoblins
  7 kobolds
  5 quokkas
  9 ball pythons
  5 bats
  2 frilled lizards
  7 goblins
  10 rats
87 creatures vanquished.

Notes
Turn   | Place    | Note
-------+----------+-------------------------------------------
     0 | D:1      | qw the Gargoyle Hunter began the quest for the Orb.
     0 | D:1      | Reached XP level 1. HP: 12/12 MP: 1/1
     0 | D:1      | 0 ||| qw: Version: 0.3-a-106-g2cfff9e
     0 | D:1      | 0 ||| qw: Game counter: 2084
     0 | D:1      | 0 ||| qw: Melee chars always use a shield: true
     0 | D:1      | 0 ||| qw: God list: Okawaru
     0 | D:1      | 0 ||| qw: Allow faded altars: false
     0 | D:1      | 0 ||| qw: Do Orc after clearing Dungeon:15 true
     0 | D:1      | 0 ||| qw: Do second Lair branch before Depths: true
     0 | D:1      | 0 ||| qw: Lair rune preference: random
     0 | D:1      | 0 ||| qw: Goals: Normal, Save, Zot:1-4, Win
     0 | D:1      | 0 ||| PLANNING D:1-11
   283 | D:1      | Reached XP level 2. HP: 17/17 MP: 2/2
   366 | D:1      | Found Pomid's Antique Armour Boutique.
   377 | D:1      | 377 ||| SHOPLISTING helmet (108 gold, have 12).
   674 | D:1      | Reached XP level 3. HP: 21/21 MP: 3/3
   770 | D:1      | Reached skill level 5 in Ranged Weapons
   834 | D:1      | 834 ||| READING 2 scrolls labelled TUDGHU ON JIEG.
   834 | D:1      | 834 ||| IDENTIFYING smoky golden potion
   835 | D:1      | 835 ||| READING scroll of identify.
   835 | D:1      | 835 ||| IDENTIFYING lumpy black potion
   836 | D:1      | 836 ||| READING scroll labelled RYSHRU ANTAQINA.
   837 | D:1      | 837 ||| READING scroll labelled LOICIA BUMOCI.
   837 | D:1      | 837 ||| BRANDING +0 shortbow.
   838 | D:1      | 838 ||| READING 2 scrolls labelled PYNEAM BIOTI.
   841 | D:1      | 841 ||| READING scroll labelled NIVYD MEATUKAU.
   841 | D:1      | 841 ||| ENCHANTING +0 leather armour.
   842 | D:1      | 842 ||| DROPPING scroll of butterflies.
   843 | D:1      | 843 ||| DROPPING potion of magic.
   907 | D:2      | 907 ||| STAIRDANCE
   984 | D:2      | Reached skill level 3 in Fighting
   987 | D:2      | Reached XP level 4. HP: 11/28 MP: 4/4
   991 | D:2      | 991 ||| FLEEEEING.
   993 | D:2      | 993 ||| FLEEEEING.
   994 | D:2      | 994 ||| FLEEEEING.
   995 | D:2      | 995 ||| FLEEEEING.
  1000 | D:2      | 1000 ||| FLEEEEING.
  1001 | D:2      | 1001 ||| FLEEEEING.
  1002 | D:2      | 1002 ||| FLEEEEING.
  1003 | D:2      | 1003 ||| FLEEEEING.
  1004 | D:2      | 1004 ||| FLEEEEING.
  1005 | D:2      | 1005 ||| STAIRDANCE
  1125 | D:2      | Identified the +2 robe of Awkiluh {rF+}
  1264 | D:2      | Found a faded altar of an unknown god.
  1413 | D:2      | 1413 ||| UPGRADING to +2 robe of Awkiluh {rF+}.
  1423 | D:2      | 1423 ||| READING scroll of identify.
  1423 | D:2      | 1423 ||| IDENTIFYING red potion
  1424 | D:2      | 1424 ||| READING scroll labelled GEH BOKUILOS.
  1541 | D:3      | Reached XP level 5. HP: 32/32 MP: 5/5
  1630 | D:3      | Reached skill level 6 in Ranged Weapons
  1700 | D:3      | Found a runed translucent gate.
  1700 | D:3      | Found a runed translucent gate.
  1700 | D:3      | Found a runed translucent gate.
  1703 | D:3      | Noticed qw's ghost (amateur GrHu)
  1703 | D:3      | Noticed a kobold brigand
  1767 | D:3      | Identified the ring of the Raven {rPois rCorr AC+4}
  1910 | D:3      | Identified the +8 scimitar of Casouloc {protect, rElec rF+
                  | rN+ Str-2}
  1942 | D:3      | Reached XP level 6. HP: 20/38 MP: 6/6
  2159 | D:3      | 2159 ||| UPGRADING to ring of the Raven {rPois rCorr AC+4}.
  2160 | D:3      | 2160 ||| READING scroll of identify.
  2160 | D:3      | 2160 ||| IDENTIFYING bubbling blue potion
  2161 | D:3      | 2161 ||| READING scroll labelled XIHUMOGACY.
  2162 | D:3      | 2162 ||| DROPPING potion of ambrosia.
  2233 | D:4      | Found a white marble altar of Elyvilon.
  2363 | D:4      | Noticed a black bear
  2373 | D:4      | HP: 7/38 [black bear (8)]
  2374 | D:4      | 2374 ||| READING scroll of teleportation.
  2374 | D:4      | HP: 3/38 [black bear (4)]
  2375 | D:4      | 2375 ||| DRINKING 3 sedimented orange potions.
  2376 | D:4      | Slain by a black bear

Levels and vault maps discovered:
D:1:      dpeg_cavernosity, layout_basic, serial_shops, nicolae_shop_stone,
          st_stairs_4
D:2:      layout_rooms, shapermc_ecumenical_altar_starsandcircs, st_stairs_11
D:3:      layout_basic, gammafunk_ghost_nasty_kobolds,
          kennysheep_generic_room_15
D:4:      layout_gridville, mainiacjoe_overflow_chevrons, xom_teletrap_fun,
          small_statue_intersection, due_unseen_surprise,
          uniq_crazy_yiuf_cottage

Skill      XL: |  1  2  3  4  5 |
---------------+----------------+-----
Ranged Weapons | 5 6 |  6.8
Fighting       | 3 4 |  4.3
Dodging        | |  1.5
Stealth        | |  1.1

Action                     |  1- 3 |  4- 6 || total
---------------------------+-------+-------++-------
   Fire: Shortbow          |    93 |   130 ||   223
    Use: Scroll            |     6 |     5 ||    11
         Potion            |       |     1 ||     1
 Armour: Leather armour    |    43 |       ||    43
         Robe              |       |    62 ||    62
  Dodge: Dodged            |    46 |    74 ||   120

Table legend:
 A = Non-vault XP
 B = Vault XP
 C = Vault XP percentage of total XP
 D = Non-vault monster count
 E = Vault monster count
 F = Vault count percentage of total count
                 A         B        C        D         E       F
            +---------+---------+-------+---------+---------+-------
      Total |     452 |      42 |   8.5 |      76 |      11 |  12.6
            +---------+---------+-------+---------+---------+-------
        D:1 |      31 |      11 |  26.2 |      17 |       7 |  29.2
        D:2 |     100 |      17 |  14.5 |      25 |       3 |  10.7
        D:3 |     162 |      14 |   8.0 |      14 |       1 |   6.7
        D:4 |     159 |       0 |   0.0 |      20 |       0 |   0.0
            +---------+---------+-------+---------+---------+-------
